 Dungeon Crawl Stone Soup version 0.32-a0-996-gb3226c2 (webtiles) character file.

Game seed: 5377036008134309247

1836 kasel the Shield-Bearer (level 8, -1/84 HPs)
             Began as a Troll Fighter on Apr 23, 2024.
             Was an Initiate of Gozag.
             Slain by a centaur
             ... wielding the +12 dagger of Kiybui {flame, rPois Will+}
              (2 damage)
             ... on level 6 of the Dungeon.
             The game lasted 00:05:28 (3944 turns).

kasel the Shield-Bearer (Troll Fighter)             Turns: 3944, Time: 00:05:29

Health: -1/84      AC:  5    Str: 27    XL:     8   Next: 87%
Magic:  7/7        EV:  8    Int:  4    God:    Gozag
Gold:   333        SH:  9    Dex:  9    Spells: 7/7 levels left

rFire   . .          .
                       - Unarmed
rCold   . . .        b - +0 kite shield
rNeg    . . .        a - +0 robe
rPois   +            (helmet restricted)
rElec   .            q - +0 cloak
rCorr   .            (gloves unavailable)
SInv    .            (boots unavailable)
Will    +....        (no amulet)
Stlth   +            x - ring of willpower
HPRegen 1.14/turn    n - ring of poison resistance
MPRegen 0.10/turn

%: no passive effects
@: no status effects
A: large, unfitting armour, claws 3, regeneration 1, shaggy fur 1, tough skin 1
a: Renounce Religion, Potion Petition, Call Merchant, Bribe Branch


You were on level 6 of the Dungeon.
You worshipped Gozag.
Gozag was aware of your devotion.
You visited 2 branches of the dungeon, and saw 7 of its levels.

You collected 406 gold pieces.
You paid 73 gold pieces to Gozag.

Inventory:

Missiles
 r - 16 poisoned darts (quivered)
Armour
 a - a +0 robe (worn)
 b - a +0 kite shield (worn)
 q - a +0 cloak (worn)
Jewellery
 i - a ring of ice
 j - a ring of see invisible
 n - a ring of poison resistance (right claw)
 s - a ring of resist corrosion
 x - a ring of willpower (left claw)
Talismans
 y - a maw talisman
Wands
 d - a wand of flame (18)
 p - a wand of mindburst (17)
Scrolls
 l - 4 scrolls of teleportation
 u - 2 scrolls of revelation
 v - a scroll of butterflies {unknown}
 w - a scroll of poison
Potions
 c - 4 potions of might
 e - a potion of mutation
 f - 2 potions of heal wounds
 g - a potion of resistance
 h - 4 potions of curing
 k - a potion of lignification {unknown}
 m - 2 potions of degeneration {unknown}
 o - 2 potions of enlightenment {unknown}
 t - 2 potions of ambrosia {unknown}


   Skills:
 + Level 6.6 Fighting
 - Level 2.4 Dodging
 + Level 7.2 Shields
 - Level 5.4 Unarmed Combat


You had 7 spell levels left.
You didn't know any spells.
Your spell library contained the following spells:

 Spells                   Type           Power      Damage    Failure   Level
 Necrotise                Necr           0%         1d4       71%         1
 Cigotuvi's Dreadful Rot  Necr/Alch/Air  0%         N/A       83%         2
 Lesser Beckoning         Tloc           0%         N/A       83%         2
 Maxwell's Portable Pile  Tloc           0%         2d(5-13)  97%         3
 Sigil of Binding         Hex            0%         N/A       97%         3
 Teleport Other           Tloc           0%         N/A       97%         3
 Vampiric Draining        Necr           0%         2d6       97%         3
 Anguish                  Hex/Necr       0%         N/A       100%        4
 Cause Fear               Hex            0%         N/A       100%        4
 Dispel Undead            Necr           0%         3d6       100%        4
 Martyr's Knell           Necr/Summ      0%         N/A       100%        4
 Curse of Agony           Necr           0%         N/A       100%        5
 Enfeeble                 Hex            0%         N/A       100%        7


Dungeon Overview and Level Annotations

Branches:
Dungeon (6/15)             Temple (1/1) D:5

Altars:
Ashenzari
Cheibriados
Dithmenos
Elyvilon
Fedhas
Gozag
Hepliaklqana
Kikubaaqudgha
Nemelex Xobeh
Okawaru
Qazlal
Ru
Sif Muna
Uskayaw
Vehumet
Wu Jian
Yredelemnul
Zin
The Shining One


Innate Abilities, Weirdness & Mutations

You are too large for most types of armour.
You have claws for hands.
Your natural rate of healing is unusually fast.
You are covered in fur. (AC +1)
You have tough skin. (AC +1)


Message History

The centaur shoots an arrow.
The arrow hits you!
The centaur shoots an arrow.
The arrow hits you but does no damage.
The centaur shoots an arrow.
The arrow hits you!
Found a quarterstaff.
The centaur unwields a +0 orcbow.
The centaur wields the +12 dagger of Kiybui {flame, rPois Will+}.
It bursts into flame!
The centaur hits you but does no damage.
The centaur barely misses you.
The centaur hits you with the +12 dagger of Kiybui!
The centaur burns you. The centaur barely misses you.
You are too injured to fight recklessly!
You scratch the centaur.
The centaur is moderately wounded.
The centaur hits you with the +12 dagger of Kiybui!
The centaur burns you.
* * * LOW HITPOINT WARNING * * *
You block the centaur's attack.
You closely miss the centaur.
The centaur is moderately wounded.
You block the centaur's attack.
The centaur kicks you but does no damage.
You block the centaur's attack.
The centaur kicks you but does no damage.
You barely miss the centaur.
The centaur is moderately wounded.
The centaur hits you with the +12 dagger of Kiybui!
* * * LOW HITPOINT WARNING * * *
The centaur burns you.
* * * LOW HITPOINT WARNING * * *
You block the centaur's attack.
You closely miss the centaur.
The centaur is moderately wounded.
The centaur hits you with the +12 dagger of Kiybui!
* * * LOW HITPOINT WARNING * * *
The centaur burns you.
* * * LOW HITPOINT WARNING * * *
The centaur kicks you but does no damage.
You block the centaur's attack. The centaur kicks you.
You die...
Your body crumbles into a pile of gold.

.## ..##
#..##############
##...............
#########....#####
......###........# ..
#.##.............###....
.................c.....)
###.............@#
...............>........
###.########.....##.....
##.#### #.....# #..#
##.....######....# .#
##........# ######
##.....##.# ##.....##.#
#########.# .[


You could see a centaur.

Vanquished Creatures
  Eustachio (D:4)
  6 ogres
  A phantom (D:4)
  A kobold brigand (D:6)
  Blork the orc (D:6)
  2 scorpions
  3 howler monkeys
  A jelly (D:4)
  4 hounds
  5 orc priests
  A sleepcap (D:3)
  3 iguanas
  Ijyb (D:5)
  An orc wizard (D:3)
  Robin (D:5)
  11 adders
  3 gnolls (D:6)
  A shadow imp (D:5)
  2 ufetubi (D:5)
  4 dart slugs
  A ribbon worm (D:3)
  25 orcs
  9 bats
  5 endoplasms
  5 giant cockroaches
  8 goblins
  9 hobgoblins
  13 kobolds
  5 quokkas
  7 ball pythons
  7 frilled lizards
  3 rats
150 creatures vanquished.

Notes
Turn   | Place    | Note
-------+----------+-------------------------------------------
     0 | D:1      | kasel the Troll Fighter began the quest for the Orb.
     0 | D:1      | Reached XP level 1. HP: 22/22 MP: 0/0
   119 | D:1      | Reached XP level 2. HP: 29/29 MP: 1/1
   459 | D:1      | Reached XP level 3. HP: 36/36 MP: 2/2
  1080 | D:3      | Reached XP level 4. HP: 44/44 MP: 3/3
  1098 | D:3      | Identified the +0 robe of Fun {rPois Int-4 Slay+2}
  1101 | D:3      | Noticed an ogre
  1109 | D:3      | Killed an ogre
  1110 | D:3      | Reached skill level 5 in Unarmed Combat
  1110 | D:3      | Reached XP level 5. HP: 44/50 MP: 4/4
  1200 | D:3      | Reached skill level 3 in Shields
  1376 | D:2      | Reached XP level 6. HP: 61/61 MP: 5/5
  1952 | D:3      | Reached skill level 4 in Shields
  2091 | D:4      | Noticed Eustachio
  2115 | D:4      | Killed Eustachio
  2116 | D:4      | Reached XP level 7. HP: 45/70 MP: 6/6
  2159 | D:4      | Noticed a +0 dagger
  2159 | D:4      | Noticed a +0 dagger
  2161 | D:4      | Found a hide-covered altar of Uskayaw.
  2399 | D:4      | Reached skill level 5 in Shields
  2621 | D:4      | Found a shimmering blue altar of Sif Muna.
  2853 | D:5      | Entered Level 5 of the Dungeon
  2924 | D:5      | Noticed Robin
  2931 | D:5      | Reached skill level 5 in Fighting
  2949 | D:5      | Killed Robin
  2951 | D:5      | Reached XP level 8. HP: 47/80 MP: 7/7
  3086 | D:5      | Reached skill level 6 in Shields
  3111 | D:5      | Noticed Ijyb
  3114 | D:5      | Found a staircase to the Ecumenical Temple.
  3121 | D:5      | Killed Ijyb
  3188 | Temple   | Entered the Ecumenical Temple
  3206 | Temple   | Became a worshipper of Gozag Ym Sagoz the Greedy
  3765 | D:6      | Noticed Blork the orc
  3775 | D:6      | Killed Blork the orc
  3781 | D:6      | Reached skill level 7 in Shields
  3934 | D:6      | Identified the +12 dagger of Kiybui {flame, rPois Will+}
  3944 | D:6      | HP: 4/84 [centaur/the +12 dagger of Kiybui {flame, rPois
                  | Will+} (10)]
  3944 | D:6      | HP: 1/84 [centaur/the +12 dagger of Kiybui {flame, rPois
                  | Will+} (3)]
  3944 | D:6      | Slain by a centaur

Illustrated notes

Levels and vault maps discovered:
D:1:      lightli_arrival_statuegarden, layout_loops_cross
D:2:      layout_basic
D:3:      layout_loops_ring, small_statue_intersection, minmay_cut_off
D:4:      layout_loops_cross, hellmonk_sif_muna_bookshelves,
          dancing_weapons_uskayaw, uniq_eustachio
D:5:      layout_basic, minmay_temple_entry_tees, st_stairs_1,
          nicolae_goblin_pals
D:6:      layout_basic, uniq_blork_the_orc
Temple:   nicolae_temple_bog_church

Skill      XL: |  1  2  3  4  5  6  7  8 |
---------------+-------------------------+-----
Unarmed Combat | 3 4 5 |  5.4
Shields        | 3 4 5 7 |  7.2
Fighting       | 3 4 5 6 |  6.6
Dodging        | |  2.4

Action                     |  1- 3 |  4- 6 |  7- 9 || total
---------------------------+-------+-------+-------++-------
  Melee: Unarmed           |   105 |    97 |   219 ||   421
    Use: Scroll            |       |     5 |     6 ||    11
   Stab: Sleeping          |       |     1 |       ||     1
 Armour: Robe              |    52 |    56 |   137 ||   245
  Dodge: Dodged            |    42 |    36 |    59 ||   137
  Block: Kite shield       |    50 |    46 |   106 ||   202

Table legend: (Time is in decaauts)
 A = Elapsed time spent in this place.
 B = Non-inter-level travel time spent in this place.
 C = Inter-level travel time spent in this place.
 D = Time resting spent in this place.
 E = Time spent auto-exploring this place.
 F = Levels seen in this place.
 G = Mean time per level.
                   A        B        C        D        E       F      G
               +--------+--------+--------+--------+--------+-----+--------+
         Total |   3944 |   3755 |    189 |    102 |   2806 |   7 |  563.4 |
       Dungeon |   3907 |   3754 |    153 |    102 |   2806 |   6 |  651.2 |
        Temple |     36 |      1 |     35 |      0 |      0 |   1 |   36.0 |
               +--------+--------+--------+--------+--------+-----+--------+

Top non-repeatable levels by time:
     D:3: 810 daAuts
     D:4: 767 daAuts
     D:5: 692 daAuts
     D:2: 678 daAuts
     D:1: 600 daAuts
     D:6: 357 daAuts
  Temple: 36 daAuts
